 Dungeon Crawl Stone Soup version 0.26-a0-50-gc4d14cd842 (webtiles) character file.

Game seed: 2165214889461040768

28 MisterFreud the Ruffian (level 3, 0/31 HPs)
             Began as a Draconian Abyssal Knight on June 4, 2020.
             Was a Follower of Lugonu.
             Succumbed to an adder's poison
             ... on level 1 of the Dungeon.
             The game lasted 00:02:17 (1236 turns).

MisterFreud the Ruffian (Draconian Abyssal Knight)  Turns: 1236, Time: 00:02:18

Health: 0/31       AC:  5    Str: 14    XL:     3   Next: 0%
Magic:  4/4        EV: 12    Int: 12    God:    Lugonu [*.....]
Gold:   70         SH:  0    Dex: 11    Spells: 2/2 levels left

rFire    . . .     SeeInvis .     - Unarmed
rCold    . . .     Gourm    .   (no shield)
rNeg     . . .     Faith    .   (armour unavailable)
rPois    .         Spirit   .   (helmet restricted)
rElec    .         Reflect  .   (no cloak)
rCorr    .         Harm     .   (no gloves)
MR       .....                  (no boots)
Stlth    +.........             (no amulet)
HPRegen  0.10/turn              (no ring)
MPRegen  0.09/turn              (no ring)

@: mighty, lethally poisoned (0 -> -7)
A: unfitting armour, cold-blooded, AC +5
a: Depart the Abyss, Renounce Religion


You were on level 1 of the Dungeon.
You worshipped Lugonu.
Lugonu was aware of your devotion.
You were not hungry.

You visited 1 branch of the dungeon, and saw 2 of its levels.
You visited the Abyss 1 time.

You collected 70 gold pieces.

Inventory:

Missiles
 d - 11 bolts
 g - 22 sling bullets
 i - 15 stones (quivered)
Scrolls
 e - a scroll of identify {unknown}
 f - 4 scrolls of remove curse {unknown}
 k - a scroll of enchant armour {unknown}
Comestibles
 a - 2 rations


   Skills:
 - Level 3.2 Fighting
 - Level 2.1 Dodging
 + Level 3.5 Unarmed Combat
 - Level 2.0 Invocations


You had 2 spell levels left.
You didn't know any spells.
Your spell library was empty.

Dungeon Overview and Level Annotations

Branches:
Dungeon (2/15)

Altars:


Innate Abilities, Weirdness & Mutations

Your plain brown scales are hard. (AC +5)
You cannot fit into any form of body armour.
You are cold-blooded and may be slowed by cold attacks.


Message History

* * * LOW HITPOINT WARNING * * *
You are more poisoned.
The adder poisons you! The adder closely misses you.
You hit the adder.
The adder is moderately wounded.
* * * LOW HITPOINT WARNING * * *
You feel sick. The adder barely misses you.
You closely miss the adder.
The adder is moderately wounded.
* * * LOW HITPOINT WARNING * * *
You feel sick. The adder barely misses you.
It was a potion of cancellation.
You feel magically purged.
* * * LOW HITPOINT WARNING * * *
You feel sick. The adder bites you but does no damage.
It was a potion of might.
You feel very mighty all of a sudden. The adder bites you but does no damage.
The adder misses you.
* * * LOW HITPOINT WARNING * * *
You feel sick.
You die...

#.# #....... #.#
#...###. #.#
##....... #.#
##...####.
#.#######..#.####.
#.................
#.................
#.#######.##.#####
#@# #.##.# #.#
#.##.# #S# #.##.#
#(# #.##.##### #.#
#.##...... #.#
#.##.##### #.#
#.##.# #.# #....#
## #.#######..###
#≈


You could see an adder.

Vanquished Creatures
  An ooze (D:1)
  A leopard gecko (D:1)
  A ball python (D:1)
  2 giant cockroaches (D:1)
  A goblin (D:1)
  3 hobgoblins (D:1)
  4 jackals (D:1)
  3 frilled lizards
  3 kobolds (D:1)
  3 rats (D:1)
22 creatures vanquished.

Notes
Turn   | Place    | Note
-------+----------+-------------------------------------------
     0 | Abyss:1  | MisterFreud the Draconian Abyssal Knight began the quest
                  | for the Orb.
     0 | Abyss:1  | Reached XP level 1. HP: 19/19 MP: 2/2
    30 | Abyss:1  | Noticed an eidolon
    31 | D:1      | Escaped the Abyss
   450 | D:1      | Reached XP level 2. HP: 21/26 MP: 3/3
   554 | D:1      | Reached * piety under Lugonu
  1227 | D:1      | Reached XP level 3. HP: 12/31 MP: 4/4
  1235 | D:1      | HP: 1/31 [poisoned by an adder]
  1236 | D:1      | Succumbed to an adder's poison

Illustrated notes

Levels and vault maps discovered:
D:1:      lightli_arrival_boilingwater, layout_loops_ring, serial_glass,
          glass_columns_c, glass_columns_a
D:2:      layout_loops_cross, uniq_sigmund, uniq_terence, uniq_natasha

Skill      XL: |  1  2 |
---------------+-------+-----
Unarmed Combat | 3 |  3.5
Fighting       | |  3.2
Dodging        | |  2.1
Invocations    | |  2.0

Action                   || total
-------------------------++-------
Melee: Unarmed           ||   118
       Tailslap          ||    11
       Punch             ||     1
Throw: Dart              ||     5
       Stone             ||     1
Invok: Depart the Abyss  ||     1
  Use: Potion            ||     2
 Stab: Distracted        ||     2
       Sleeping          ||     1
  Eat: Chunk             ||     1
Armor: Skin              ||    26
Dodge: Dodged            ||    96

Table legend:
 A = Non-vault XP
 B = Vault XP
 C = Vault XP percentage of total XP
 D = Non-vault monster count
 E = Vault monster count
 F = Vault count percentage of total count
                 A         B        C        D         E       F
            +---------+---------+-------+---------+---------+-------
      Total |      41 |       0 |   0.0 |      22 |       0 |   0.0
            +---------+---------+-------+---------+---------+-------
        D:1 |      40 |       0 |   0.0 |      21 |       0 |   0.0
        D:2 |       1 |       0 |   0.0 |       1 |       0 |   0.0
            +---------+---------+-------+---------+---------+-------
